 Dungeon Crawl Stone Soup version 0.23.1 (webtiles) character file.

Game seed: 13726091389352881433

6311 nuthulu the Cleaver (level 10, 0/67 HPs)
             Began as a Demonspawn Gladiator on Mar 11, 2019.
             Was a High Priest of Okawaru.
             Killed from afar by an orc wizard (4 damage)
             ... with a magic dart
             ... on level 10 of the Dungeon.
             The game lasted 00:15:44 (11340 turns).

nuthulu the Cleaver (Demonspawn Gladiator)         Turns: 11340, Time: 00:15:45

Health: 0/67       AC:  9    Str: 17    XL:     10   Next: 64%
Magic:  0/10       EV: 20    Int: 13    God:    Okawaru [*****.]
Gold:   392        SH:  5    Dex: 15    Spells: 9/9 levels left

rFire    + + .     SeeInvis +   C - +3 battleaxe
rCold    + . .     Gourm    .   (shield currently unavailable)
rNeg     . . .     Faith    .   e - +1 ring mail {rF+}
rPois    .         Spirit   +   (helmet unavailable)
rElec    .         Reflect  +   j - scarf {Spirit}
rCorr    .         Harm     .   p - +1 pair of gloves
MR       .....                  (no boots)
Stlth    ++........             h - +5 amulet of reflection
HPRegen  0.21/turn              t - +3 ring of intelligence
MPRegen  0.12/turn              x - ring of protection from cold

@: heroism, slowed, very slow
A: antennae 3, claws 1, hooves 1, fire resistance 1, powered by pain 1
a: Heroism, Finesse, Renounce Religion


You were on level 10 of the Dungeon.
You worshipped Okawaru.
Okawaru was extremely pleased with you.
You were hungry.

You visited 2 branches of the dungeon, and saw 11 of its levels.

You collected 392 gold pieces.

Inventory:

Hand Weapons
 a - a +0 war axe
 C - a +3 battleaxe (weapon)
Missiles
 d - 3 throwing nets (quivered)
Armour
 b - a +0 leather armour
 c - a +0 helmet
 e - a +1 ring mail of fire resistance (worn)
 j - a scarf of spirit shield (worn)
 p - a +1 pair of gloves (worn)
 u - a +0 plate armour
Jewellery
 h - a +5 amulet of reflection (around neck)
 t - a +3 ring of intelligence (left hand)
 x - a ring of protection from cold (right hand)
Wands
 E - a wand of paralysis (7)
 F - a wand of iceblast (17)
Scrolls
 i - 4 scrolls of fog
 m - a scroll of torment {unknown}
 q - 4 scrolls of magic mapping
 s - 3 scrolls of teleportation
 y - 2 scrolls of fear
 B - a scroll of amnesia
 D - a scroll of blinking
Potions
 k - a potion of ambrosia
 l - a potion of mutation
 n - 3 potions of lignification
 o - 3 potions of flight {unknown}
 r - 2 potions of brilliance {unknown}
 v - 2 potions of haste {unknown}
 w - 2 potions of berserk rage {unknown}
 z - 2 potions of magic {unknown}
Comestibles
 f - 12 rations


   Skills:
 - Level 2.1(7.1) Fighting
 * Level 12.2(17.2) Axes
 - Level 1.7(6.7) Throwing
 + Level 9.0(14.0) Dodging


You had 9 spell levels left.
You didn't know any spells.
Your spell library contained the following spells:

 Spells                   Type           Power        Failure   Level  Hunger
 Animate Skeleton         Necr           N/A          47%         1    ##.....
 Apportation              Tloc           #.....       47%         1    ##.....
 Confusing Touch          Hex            #.....       47%         1    ##.....
 Summon Small Mammal      Summ           #...         47%         1    ##.....


Dungeon Overview and Level Annotations

Branches:
Dungeon (10/15)            Temple (1/1) D:4
   Lair: D:8-11         Orc: D:9-12

Altars:
Ashenzari
Dithmenos
Gozag
Hepliaklqana
Kikubaaqudgha
Nemelex Xobeh
Okawaru
Qazlal
Ru
Trog
Uskayaw
Vehumet
Xom
The Shining One

Shops:
D:7 [


Innate Abilities, Weirdness & Mutations

You have a pair of large antennae on your head. (SInv)
You have sharp fingernails.
You have large cloven feet.
Your flesh is heat resistant. (rF+)
You sometimes gain a little power by taking damage.


Message History

You reflect the arrow off an invisible shield around you!
The arrow hits the centaur but does no damage.
The orc wizard completely misses you.
The centaur shoots an arrow.
The arrow barely misses the orc wizard.
The arrow closely misses you. The orc wizard closely misses you.
The orc wizard misses you.
The centaur shoots an arrow.
The arrow hits the orc wizard!
The orc wizard dies!
Things that are here:
an arrow; a +0 dagger Unknown command.
The centaur shoots an arrow.
The arrow hits you.
* * * LOW HITPOINT WARNING * * *
You block the orc wizard's attack.
The centaur shoots an arrow.
The arrow completely misses you.
Things that are here:
5 arrows; a sky beast corpse The orc wizard gestures at you while chanting.
The magic dart hits you.
You die...

.####..........
...............
#............###
.....$.......#
....(......
#...().... ..###
#..(# ......##.(.#
.......@(o(#
...$.............$
........c..###$#.#
.......##..#
....... ..(..
...##......#.# ...
#......#... ..
#......# .#


You could see a centaur and an orc wizard.

Vanquished Creatures
  3 two-headed ogres (D:9)
  Joseph (D:8)
  A komodo dragon (D:5)
  A hippogriff (D:9)
  A spriggan (D:9)
  A wyvern (D:9)
  Menkaure (D:5)
  An orc warrior (D:7)
  3 ice beasts
  4 sky beasts
  An eye of draining (D:8)
  A necrophage (D:8)
  4 phantoms
  3 ogres
  4 centaurs
  A bullfrog (D:8)
  A water moccasin zombie (D:5)
  2 scorpions (D:9)
  4 wights
  2 howler monkeys
  5 crimson imps
  2 bullfrog skeletons
  A gnoll shaman (D:4)
  5 hounds
  2 jellies
  An orc priest (D:4)
  2 centaur skeletons
  2 iguanas
  2 orc wizards
  4 worker ants
  A hound skeleton (D:9)
  A worker ant zombie (D:6)
  10 adders
  3 gnolls
  2 shadow imps
  3 adder zombies (D:5)
  2 adder skeletons (D:7)
  2 worms
  2 dart slugs (D:3)
  4 leopard geckos
  17 orcs
  6 giant cockroaches
  4 goblins
  6 hobgoblins
  6 jackals
  3 quokkas
  4 bats
  7 frilled lizards
  11 kobolds
  A leopard gecko zombie (D:4)
  6 rats
167 creatures vanquished.

Vanquished Creatures (others)
  An orc wizard (D:10)
1 creature vanquished.

Grand Total: 168 creatures vanquished

Notes
Turn   | Place    | Note
-------+----------+-------------------------------------------
     0 | D:1      | nuthulu the Demonspawn Gladiator began the quest for the
                  | Orb.
     0 | D:1      | Reached XP level 1. HP: 16/16 MP: 1/1
     2 | D:1      | Noticed a demonspawn
     2 | D:1      | Noticed a spriggan
     4 | D:1      | Noticed a ghoul
     4 | D:1      | Noticed a gargoyle
     6 | D:1      | Noticed a vampire
     6 | D:1      | Noticed an elf
     8 | D:1      | Noticed a formicid
    10 | D:1      | Noticed a naga
    12 | D:1      | Noticed an octopode
    12 | D:1      | Noticed a draconian
    14 | D:1      | Noticed a demigod
    14 | D:1      | Noticed a troll
    16 | D:1      | Noticed a halfling
    18 | D:1      | Noticed a human
    20 | D:1      | Noticed a felid
    20 | D:1      | Noticed a vine stalker
    22 | D:1      | Noticed a minotaur
    22 | D:1      | Noticed a merfolk
    24 | D:1      | Noticed a centaur
    24 | D:1      | Noticed a tengu
    26 | D:1      | Noticed an ogre
    26 | D:1      | Noticed a dwarf
   228 | D:1      | Reached skill level 3 in Axes
   382 | D:1      | Gained mutation: You have sharp fingernails. [demonic
                  | ancestry]
   382 | D:1      | Reached XP level 2. HP: 22/22 MP: 2/2
  1402 | D:1      | Reached XP level 3. HP: 27/27 MP: 3/3
  3189 | D:3      | Reached XP level 4. HP: 33/33 MP: 4/4
  3211 | D:3      | Reached skill level 4 in Axes
  3735 | D:4      | Gained mutation: You sometimes gain a little power by
                  | taking damage. [demonic ancestry]
  3735 | D:4      | Reached XP level 5. HP: 32/38 MP: 3/5
  4131 | D:4      | Found a staircase to the Ecumenical Temple.
  4152 | Temple   | Entered the Ecumenical Temple
  4228 | Temple   | Became a worshipper of Warmaster Okawaru
  4411 | D:4      | Noticed a phantom
  4458 | D:4      | Killed a phantom
  4458 | D:4      | Reached skill level 5 in Axes
  4458 | D:4      | Gained mutation: You have large cloven feet. [demonic
                  | ancestry]
  4458 | D:4      | Reached XP level 6. HP: 18/44 MP: 4/6
  5168 | D:5      | Entered Level 5 of the Dungeon
  5209 | D:5      | Noticed an ice beast
  5225 | D:5      | Killed an ice beast
  5225 | D:5      | Reached * piety under Okawaru
  5533 | D:5      | Reached skill level 6 in Axes
  5540 | D:5      | Gained mutation: You have a pair of small antennae on your
                  | head. [demonic ancestry]
  5540 | D:5      | Reached XP level 7. HP: 43/50 MP: 5/7
  5584 | D:5      | Noticed Menkaure
  5592 | D:5      | Killed Menkaure
  5825 | D:5      | Reached ** piety under Okawaru
  5825 | D:5      | Reached skill level 5 in Dodging
  6108 | D:5      | Reached skill level 7 in Axes
  6507 | D:6      | Noticed a komodo dragon
  6530 | D:5      | Killed a komodo dragon
  6530 | D:5      | Gained mutation: Your flesh is heat resistant. (rF+)
                  | [demonic ancestry]
  6530 | D:5      | Reached XP level 8. HP: 15/56 MP: 3/8
  6952 | D:6      | Reached skill level 8 in Axes
  7087 | D:6      | Found a sparkling altar of Nemelex Xobeh.
  7185 | D:6      | Reached *** piety under Okawaru
  7238 | D:6      | Found a shattered altar of Ashenzari.
  8071 | D:7      | Reached skill level 9 in Axes
  8398 | D:7      | Gained mutation: You have a pair of antennae on your head.
                  | [demonic ancestry]
  8398 | D:7      | Reached XP level 9. HP: 24/61 MP: 3/9
  8845 | D:7      | Found Qigako's Armour Shop.
  8985 | D:7      | Found a bloodstained altar of Trog.
  8986 | D:7      | Found a shadowy altar of Dithmenos.
  8987 | D:7      | Found a hazy altar of Hepliaklqana.
  8993 | D:7      | Got a smoking great sword
  8994 | D:7      | Identified the +10 great sword "Aneren" {pain, Dex+2} (You
                  | found it on level 7 of the Dungeon)
  9255 | D:8      | Received a gift from Okawaru
  9636 | D:8      | Reached skill level 10 in Axes
 10014 | D:8      | Noticed Joseph
 10019 | D:8      | Reached **** piety under Okawaru
 10028 | D:8      | Killed Joseph
 10347 | D:9      | Noticed a two-headed ogre
 10354 | D:9      | Killed a two-headed ogre
 10354 | D:9      | Reached ***** piety under Okawaru
 10354 | D:9      | Reached skill level 11 in Axes
 10354 | D:9      | Gained mutation: You have a pair of large antennae on your
                  | head. (SInv) [demonic ancestry]
 10354 | D:9      | Reached XP level 10. HP: 39/67 MP: 5/10
 10628 | D:9      | Noticed a two-headed ogre
 10641 | D:9      | Killed a two-headed ogre
 11259 | D:10     | Entered Level 10 of the Dungeon
 11259 | D:10     | Noticed a two-headed ogre
 11269 | D:9      | Killed a two-headed ogre
 11269 | D:9      | Reached skill level 12 in Axes
 11339 | D:10     | HP: 3/67 [centaur/arrow (5)]
 11340 | D:10     | Killed from afar by an orc wizard

Skill      XL: |  1  2  3  4  5  6  7  8  9 10 |
---------------+-------------------------------+-----
Axes           | 3 4 5 6 7 9 11 12 | 12.2
Dodging        | 3 4 5 6 8 9 |  9.0
Fighting       | |  2.1
Throwing       | |  1.7

Action                   |  1- 3 |  4- 6 |  7- 9 | 10-12 || total
-------------------------+-------+-------+-------+-------++-------
Melee: War axe           |   157 |   139 |   245 |       ||   541
       Kick              |       |    13 |   112 |    18 ||   143
       Battleaxe         |       |       |   105 |    65 ||   170
Invok: Heroism           |       |       |     4 |     2 ||     6
  Use: Scroll            |     7 |     2 |    11 |       ||    20
       Potion            |       |     1 |     1 |     1 ||     3
 Stab: Sleeping          |     2 |       |       |       ||     2
  Eat: Chunk             |     7 |     4 |     4 |     1 ||    16
       Ration            |       |     1 |     4 |       ||     5
Armor: Leather armour    |    42 |       |       |       ||    42
       Ring mail         |    10 |    58 |    87 |    15 ||   170
Dodge: Dodged            |   138 |   109 |   210 |    52 ||   509
Block: Other             |       |     7 |    72 |    24 ||   103
       Reflection        |       |       |     3 |     2 ||     5
